 Dungeon Crawl Stone Soup version 0.22-a0-443-g17c3723 (webtiles) character file.

315 Gorglomux the Skirmisher (level 6, -6/39 HPs)
             Began as a Gargoyle Fighter on June 1, 2018.
             Mangled by a two-headed ogre
             ... wielding a +0 giant spiked club
              (9 damage)
             ... on level 4 of the Dungeon.
             The game lasted 00:01:03 (2289 turns).

Gorglomux the Skirmisher (Gargoyle Fighter)         Turns: 2289, Time: 00:01:04

Health: -6/39      AC: 12    Str: 22    XL:     6   Next: 44%
Magic:  6/6        EV:  7    Int:  8    God:    Xom [.....*]
Gold:   70         SH:  9    Dex:  9    Spells: 5/5 levels left

rFire    . . .     SeeInvis .   a - +0 war axe
rCold    . . .     Gourm    .   c - +0 shield
rNeg     + . .     Faith    .   b - +0 scale mail
rPois    ∞         Spirit   .   k - +0 helmet
rElec    +         Reflect  .   (no cloak)
rCorr    .         Harm     .   (no gloves)
MR       .....                  (no boots)
Stlth    ..........             (no amulet)
HPRegen  0.13/turn              (no ring)
MPRegen  0.10/turn              (no ring)

@: no status effects
A: negative energy resistance 1, electricity resistance, unbreathing,
petrification resistance, rot immunity, AC +4
a: Renounce Religion


You were on level 4 of the Dungeon.
You worshipped Xom.
You were Xom's teddy bear.
You were very hungry.

You visited 1 branch of the dungeon, and saw 4 of its levels.

You collected 70 gold pieces.

Inventory:

Hand Weapons
 a - a +0 war axe (weapon)
Armour
 b - a +0 scale mail (worn)
 c - a +0 shield (worn)
 k - a +0 helmet (worn)
Scrolls
 h - a scroll of amnesia {unknown}
 i - 2 scrolls of teleportation {unknown}
 j - 4 scrolls of identify {unknown}
 o - a scroll of remove curse {unknown}
 p - 2 scrolls of fog {unknown}
Potions
 d - 2 potions of might
 m - a potion of mutation {unknown}
Comestibles
 f - 3 rations


   Skills:
 + Level 4.7 Fighting
 + Level 3.3 Axes
 + Level 4.7 Armour
 + Level 4.7 Shields


You had 5 spell levels left.
You didn't know any spells.
Your spell library contained the following spells:

 Spells                   Type           Power        Failure   Level  Hunger
 Confuse                  Hex            #.......     100%        3    ####...
 Tukima's Dance           Hex            #.......     100%        3    ####...
 Ensorcelled Hibernation  Hex/Ice        #.....       99%         2    ###....
 Corona                   Hex            #......      99%         1    ##.....
 Dazzling Spray           Conj/Hex       #.....       100%        3    ####...


Dungeon Overview and Level Annotations

Branches:
Dungeon (4/15)
 Temple: D:4-7

Altars:
Qazlal
Sif Muna
Wu Jian
Xom

Annotations:
D:4 Gorglomux's ghost, amateur GrFi


Innate Abilities, Weirdness & Mutations

You are resistant to torment.
Your stone body is resilient. (AC +4)
You are immune to poison.
You resist negative energy. (rN+)
You are resistant to electric shocks. (rElec)
You can survive without breathing.
You are immune to petrification.
You are immune to rotting.


Message History

You block the howler monkey skeleton's attack!
The two-headed butt hits you with a giant spiked club!!!
The two-headed ogre barely misses you!
You butt the howler monkey skeleton into splinters!
The howler monkey skeleton is heavily damaged!
You dice the two-headed butt like an onion!!!
You block the howler monkey skeleton's attack!
The two-headed ogre hits you but does butt damage!
You block the two-headed ogre's attack!
You fracture the howler monkey skeleton into splinters!!!
You butt the howler monkey skeleton!!!
You dice the two-headed ogre but do no damage!
The two-headed ogre hits you with a giant spiked club!!!!!!
DANG rip "Hey, things were just getting interesting!!!"
Xom revives you!!!
The butt-headed ogre hits you with a giant club!!! rip Xom howls with laughter!!!

#...#.....# #...#.....+
#..)#.....# #...'.....#
#...#.....#####
#...#.........#########
#...#.........#%.......
#...#.........#?$......
#...#.........'@O......
#...#.........#......$.
#...#.........#########
#...######..........
#........#..........
#........#..........
#........#..........
#........#..........
#...######........##


You could see a two-headed ogre.

Vanquished Creatures
  Blork the orc (D:4)
  An orc wizard (D:3)
  A worker ant (D:4)
  3 gnolls (D:3)
  A howler monkey skeleton (D:4)
  5 adders (D:2)
  An ooze (D:2)
  3 worms (D:3)
  4 dart slugs
  2 leopard geckos
  11 orcs (D:3)
  A ball python (D:3)
  5 giant cockroaches
  7 goblins
  8 hobgoblins
  8 jackals (D:1)
  3 kobolds
  2 quokkas
  5 bats
  2 frilled lizards
  5 rats
79 creatures vanquished.

Notes
Turn   | Place    | Note
-------+----------+-------------------------------------------
     0 | D:1      | Gorglomux the Gargoyle Fighter began the quest for the Orb.
     0 | D:1      | Reached XP level 1. HP: 14/14 MP: 1/1
    45 | D:1      | Reached XP level 2. HP: 13/19 MP: 2/2
   447 | D:2      | Found a shimmering altar of Xom.
   458 | D:2      | Reached XP level 3. HP: 17/24 MP: 3/3
   462 | D:2      | Became a worshipper of Xom of Chaos
   491 | D:2      | XOM: divination: detect creatures
   643 | D:2      | Found a stormy altar of Qazlal.
   727 | D:2      | Reached XP level 4. HP: 22/29 MP: 4/4
  1016 | D:3      | Reached XP level 5. HP: 16/33 MP: 5/5
  1328 | D:3      | XOM: divination: detect creatures
  1529 | D:3      | XOM is BORED!
  1529 | D:3      | XOM: stat loss: -2 Str (19/21)
  1553 | D:3      | XOM: scenery: create altars
  1612 | D:3      | XOM: cloud trail
  1652 | D:3      | Reached skill level 3 in Axes
  1688 | D:3      | Found an ornate altar of the Wu Jian Council.
  1987 | D:3      | Found a deep blue altar of Sif Muna.
  2077 | D:4      | Noticed Gorglomux's ghost (amateur GrFi)
  2085 | D:4      | XOM: 5-stop teleportation journey
  2108 | D:4      | XOM: scenery: create altars
  2118 | D:4      | Reached XP level 6. HP: 28/39 MP: 6/6
  2207 | D:4      | Noticed Blork the orc
  2216 | D:4      | Killed Blork the orc
  2285 | D:4      | Noticed a two-headed ogre
  2289 | D:4      | Xom revived you
  2289 | D:4      | Mangled by a two-headed ogre

Vault maps used:
D:1:      saegor_arrival_simple_b
D:2:      xom_butterflies, first_ration, nicolae_qazlal_eye_of_the_storm
D:3:      overflow_temple_1_default, led_sif_pool, patterned_corridor
D:4:      kennysheep_six_static_rooms, kennysheep_little_box,
          palyth_stone_intersect, uniq_blork_the_orc, uniq_grinder, uniq_ijyb

Skill      XL: |  1  2  3  4  5 |
---------------+----------------+-----
Axes           | 2 3 |  3.3
Armour         | 4 |  4.7
Shields        | 4 |  4.7
Fighting       | 4 |  4.7

Action                   |  1- 3 |  4- 6 || total
-------------------------+-------+-------++-------
Melee: War axe           |    99 |   150 ||   249
  Eat: Chunk             |       |     4 ||     4
Armor: Scale mail        |    93 |    98 ||   191
Dodge: Dodged            |    42 |    53 ||    95
Block: Shield            |    88 |    74 ||   162

Table legend:
 A = Spawn XP
 B = Non-spawn XP
 C = Spawn XP percentage of total XP
 D = Spawn monster count
 E = Non-spawn monster count
 F = Spawn count percentage of total count
 G = Total turns spent on level
                    A         B        C        D         E        F      G
               +---------+---------+-------+---------+---------+-------+---------
         Total |       0 |     451 |   0.0 |       0 |      79 |   0.0 |  2289
               +---------+---------+-------+---------+---------+-------+---------
           D:1 |       0 |      27 |   0.0 |       0 |      16 |   0.0 |   447
           D:2 |       0 |     109 |   0.0 |       0 |      25 |   0.0 |   790
           D:3 |       0 |     165 |   0.0 |       0 |      34 |   0.0 |   825
           D:4 |       0 |     150 |   0.0 |       0 |       4 |   0.0 |   227
               +---------+---------+-------+---------+---------+-------+---------
